 Dungeon Sprint DCSS version 0.26-a0-1058-g8dc6ce00ff (webtiles) character file.

Game seed: 15275211690620526683

1175 Adamkad1 the Blocker (level 8, -45/79 HPs)
             Began as a Palentonga Fighter on Dec 13, 2020.
             Was a Believer of Uskayaw.
             Killed from afar by a lich (illusionary) (72 damage)
             ... with a bolt of cold
             ... in the Dungeon (Sprint V: "Ziggurat Sprint").
             The game lasted 00:04:37 (360 turns).

Adamkad1 the Blocker (Palentonga Fighter)            Turns: 360, Time: 00:04:38

Health: -45/79     AC: 36    Str: 28    XL:     8   Next: 18%
Magic:  7/17       EV:  0    Int:  8    God:    Uskayaw [**....]
Gold:   0          SH: 31    Dex: 12    Spells: 7/7 levels left

rFire    . . .     SeeInvis +   E - +14 obsidian axe {vorpal, +Fly SInv *Curse} (curse)
rCold    . . .     Faith    .   G - +18 shield of the Gong {rElec rN+ Will+ EV-5}
rNeg     + + .     Spirit   .   F - +15 Maxwell's patent armour {-Cast -Tele rElec Will+ rCorr}
rPois    .         Reflect  .   (no helmet)
rElec    +         Harm     .   n - +2 cloak {Stlth+}
rCorr    +         Rampage  .   (no gloves)
Will     ++...     NoTele   +   (no barding) Stlth ..........NoCast +
                                (no amulet)
HPRegen  0.23/turn              C - +6 ring of strength
MPRegen  0.15/turn              H - ring "Pauquhan" {rN+ MP+9 Dex+2 Stlth-}

@: mesmerised, curled up
A: large, rugged brown scales 3, see invisible, deformed body, roll 1, armoured
tail, reflexive curl
a: Rolling Charge, Stomp, Line Pass, Renounce Religion, Evoke Flight


You were in the Dungeon.
You worshipped Uskayaw.
Uskayaw was noncommittal.
You visited 1 branch

Inventory:

Hand Weapons
 E - the cursed +14 obsidian axe (weapon) {vorpal, +Fly SInv *Curse}
   (You found it in the Dungeon)

   It inflicts extra damage upon your enemies.
   It lets you see invisible.
   It lets you fly.
   It curses itself when equipped.
   It has a curse placed upon it.
Armour
 n - a +2 cloak of stealth (worn)
 F - the +15 Maxwell's patent armour (worn) {-Cast -Tele rElec Will+ rCorr}
   (You found it in the Dungeon)

   It insulates you from electricity.
   It affects your willpower, your defense against some magical effects.
   It prevents spellcasting.
   It prevents most forms of teleportation.
   It provides partial protection from all sources of acid and corrosion.
 G - the +18 shield of the Gong (worn) {rElec rN+ Will+ EV-5}
   (You found it in the Dungeon)

   It affects your evasion (-5).
   It insulates you from electricity.
   It protects you from negative energy.
   It affects your willpower, your defense against some magical effects.
Jewellery
 b - an uncursed ring of protection from fire
 c - an uncursed ring of wizardry
 x - an uncursed ring of flight
 y - a +6 ring of dexterity
 z - a +6 ring of dexterity
 A - a +6 ring of intelligence
 B - a +6 ring of intelligence
 C - a +6 ring of strength (left hand)
 D - a +6 ring of strength
 H - the ring "Pauquhan" (right hand) {rN+ MP+9 Dex+2 Stlth-}
   (You found it in the Dungeon)

   [ring of magical power]

   It affects your dexterity (+2).
   It protects you from negative energy.
   It affects your magic capacity (+9).
   It makes you less stealthy.
Wands
 u - a wand of disintegration (7)
 v - a wand of iceblast (7)
 w - a wand of acid (7)
Scrolls
 j - 4 scrolls of blinking
 o - 4 scrolls of amnesia
 p - 7 scrolls of fog
 q - a scroll of holy word
 r - 5 scrolls of identify
 s - 5 scrolls of remove curse
 t - 2 scrolls of fear
Potions
 d - 7 potions of might
 e - 10 potions of curing
 f - 10 potions of heal wounds
 g - 6 potions of haste
 h - 7 potions of magic
 i - 3 potions of berserk rage
 k - 2 potions of brilliance
 l - 2 potions of invisibility
 m - 4 potions of resistance
Miscellaneous
 a - a lightning rod (4/4)


   Skills:
 + Level 8.1 Fighting
 + Level 7.8 Axes
 + Level 6.7 Armour
 * Level 11.0 Shields


You had 7 spell levels left.
You didn't know any spells.
Your spell library contained the following spells:

 Spells                   Type           Power        Failure   Level
 Mephitic Cloud           Conj/Pois/Air  #.......     100%        3
 Irradiate                Conj/Tmut      #.........   100%        5
 Iron Shot                Conj/Erth      #.........   100%        6
 Starburst                Conj/Fire      #.........   100%        6


Dungeon Overview and Level Annotations

Branches:
Dungeon (1/1)

Altars:
Ashenzari
Cheibriados
Dithmenos
Elyvilon
Fedhas
Gozag
Hepliaklqana
Kikubaaqudgha
Makhleb
Nemelex Xobeh
Okawaru
Qazlal
Ru
Sif Muna
Trog
Uskayaw
Vehumet
Wu Jian
Xom
Yredelemnul
Zin
The Shining One
Beogh
Jiyva
Lugonu

Annotations:
D 1 transporter


Innate Abilities, Weirdness & Mutations

You are completely covered in rugged brown scales. (AC +3, +7% HP)
You have supernaturally acute eyesight. (SInv)
Armour fits poorly on your strangely shaped body.
You can roll at nearby foes to attack.
You have a long armoured tail.
You curl defensively after being hit.


Message History

The lich touches your soul eater but does no damage.
You block the vault guard's attack.
PANG!
Your soul eater hits the lich!
The balrug gestures at you. Something smites you!
The rakshasa hits you with a +0 trident!
You can now pass through a line of other dancers.
You hit the rakshasa.
Your tail-slap misses the rakshasa.
The rakshasa is heavily wounded.
Your Maxwell's patent armour prevents you from hitting the lich.
You hit the vault guard. The vault guard blocks your attack.
Visions of slaying the vault guard flood into your mind.
You block the lich's attack.
PTOANNNG!
The balrug hits your soul eater but does no damage.
The lich gestures at you while chanting.
The bolt of cold hits you!!!!
Ouch! That really hurt!
You die...

▓.......▓
▓.......▓
▓.......▓
▓...©...▓
▓▓▓▓▓▓▓▓▓
▓..8©8..▓
▓..:=3..▓
▓...°}..▓
▓..@R...▓
▓.ppL...▓
▓..L3...▓
▓....2..▓
▓.▓...▓.▓
▓...©...▓
▓▓▓▓▓▓▓▓▓


You could see 2 liches, a balrug (summoned), 2 vault guards, a rakshasa, a
friendly soul eater (summoned) and a friendly ynoxinul (summoned).

Vanquished Creatures
  A shining eye (D)
  A freezing wraith (D)
  A water moccasin (D)
  A bullfrog (D)
  2 jellies (D)
  2 iguanas (D)
  2 adders (D)
  An ooze (D)
  An adder zombie (D)
  An adder simulacrum (D)
  A bat skeleton (D)
  A bat zombie (D)
  3 jackals (D)
  A ball python (D)
19 creatures vanquished.

Vanquished Creatures (collateral kills)
  A slime creature (D)
  A floating eye (D)
  A phantom (D)
  A bullfrog (D)
  An adder zombie (D)
  A bat skeleton (D)
  A leopard gecko skeleton (D)
7 creatures vanquished.

Grand Total: 26 creatures vanquished

Notes
Turn   | Place    | Note
-------+----------+-------------------------------------------
     0 | D        | Adamkad1 the Palentonga Fighter began the quest for the
                  | Orb.
     0 | D        | Reached XP level 1. HP: 20/20 MP: 1/1
     0 | D        | Found a shimmering blue altar of Sif Muna.
     0 | D        | Found a bloodstained altar of Trog.
     0 | D        | Found a sacrificial altar of Ru.
     0 | D        | Found a stormy altar of Qazlal.
     0 | D        | Found an iron altar of Okawaru.
     1 | D        | Found a sparkling altar of Nemelex Xobeh.
     1 | D        | Found a blossoming altar of Fedhas.
     2 | D        | Found the +6 Majin-Bo {vamp, MP+6 Int+6}
     2 | D        | Found the +9 heavy crossbow "Sniper" {vorpal, Acc+∞ SInv}
     2 | D        | Found the +10 dark maul {vorpal}
     2 | D        | Found the +15 Maxwell's patent armour {-Cast -Tele rElec
                  | Will+ rCorr}
     2 | D        | Found the +18 shield of the Gong {rElec rN+ Will+ EV-5}
     2 | D        | Found the cursed +14 obsidian axe {vorpal, +Fly SInv
                  | *Curse}
     2 | D        | Found the +7 great mace "Firestarter" {inner flame, rF++}
     2 | D        | Found the +6 shillelagh "Devastator" {shatter}
     2 | D        | Found the +11 plutonium sword {*Contam Stlth-}
     2 | D        | Found the +8 lance "Wyrmbane" {slay drac, rPois rF+ rC+
                  | AC+3}
     2 | D        | Found the +9 sword of Zonguldrok {reap}
     2 | D        | Found the cursed +13 scythe of Curses {drain, *Curse}
     2 | D        | Found the +0 sword of Power
     2 | D        | Found the +7 mace of Variability {chain chaos}
     2 | D        | Found the +7 Singing Sword {vorpal, sonic wave}
     2 | D        | Found the +8 storm bow {elec, penet}
     3 | D        | Found a transporter.
     3 | D        | Found an ancient bone altar of Kikubaaqudgha.
     3 | D        | Found a viscous altar of Jiyva.
     3 | D        | Found a corrupted altar of Lugonu.
     3 | D        | Found a hazy altar of Hepliaklqana.
     3 | D        | Found a burning altar of Makhleb.
     3 | D        | Found an opulent altar of Gozag.
    66 | D        | Reached skill level 6 in Shields
    66 | D        | Reached XP level 2. HP: 27/27 MP: 2/2
    88 | D        | Became a worshipper of Uskayaw the Reveller
   107 | D        | Entered arena 2.
   107 | D        | Found a transporter.
   109 | D        | Noticed a neqoxec
   111 | D        | Reached * piety under Uskayaw
   121 | D        | Entered arena 3.
   121 | D        | Found a transporter.
   123 | D        | Reached ** piety under Uskayaw
   124 | D        | Reached skill level 7 in Shields
   124 | D        | Reached XP level 3. HP: 33/33 MP: 3/3
   131 | D        | Got the Volume of Hurtful Clay
   233 | D        | Entered arena 4.
   233 | D        | Noticed a bullfrog
   233 | D        | Noticed a bullfrog
   233 | D        | Found a transporter.
   235 | D        | Killed a bullfrog
   235 | D        | Killed a bullfrog
   236 | D        | Reached skill level 8 in Shields
   236 | D        | Reached XP level 4. HP: 43/43 MP: 4/4
   236 | D        | Reached XP level 5. HP: 50/50 MP: 5/5
   237 | D        | Reached *** piety under Uskayaw
   238 | D        | Reached skill level 5 in Fighting
   246 | D        | Entered arena 5.
   246 | D        | Noticed a water moccasin
   246 | D        | Found a transporter.
   247 | D        | Killed a water moccasin
   248 | D        | Reached skill level 5 in Axes
   248 | D        | Reached skill level 9 in Shields
   248 | D        | Reached XP level 6. HP: 60/60 MP: 6/6
   262 | D        | Entered arena 6.
   262 | D        | Found a transporter.
   265 | D        | Reached skill level 5 in Armour
   271 | D        | Entered arena 7.
   271 | D        | Noticed a slime creature
   271 | D        | Noticed a shining eye
   271 | D        | Noticed a floating eye
   272 | D        | Found a transporter.
   275 | D        | Killed a floating eye
   276 | D        | Killed a shining eye
   277 | D        | Reached skill level 10 in Shields
   277 | D        | Gained mutation: You curl defensively after being hit.
                  | [Palentonga growth]
   277 | D        | Reached XP level 7. HP: 54/70 MP: 2/7
   277 | D        | Killed a slime creature
   281 | D        | Got the ring "Pauquhan" {rN+ MP+9 Dex+2 Stlth-}
   353 | D        | Entered arena 8.
   353 | D        | Noticed a vault guard
   353 | D        | Noticed a rakshasa
   353 | D        | Noticed a vault guard
   353 | D        | Noticed a freezing wraith
   353 | D        | Noticed a lich
   355 | D        | Found a transporter.
   355 | D        | Killed a freezing wraith
   356 | D        | Reached skill level 11 in Shields
   356 | D        | Reached XP level 8. HP: 43/79 MP: 8/8
   358 | D        | Noticed a balrug
   360 | D        | Killed from afar by a lich (illusionary)

Illustrated notes

Levels and vault maps discovered:
D:        sprint_v [room_start, room_1, room_2, room_3, room_4, room_5, room_6,
          room_7, room_8, room_9, room_10, room_11, room_12, room_13, room_14,
          room_15, room_16, room_17, room_18, room_19, room_20, room_21,
          room_22, room_23, room_24, room_25, room_26, room_27]

Skill      XL: |  1  2  3  4  5  6  7 |
---------------+----------------------+-----
Shields        | 6 7 8 9 10 11 | 11.0
Fighting       | 4 5 7 8 |  8.1
Axes           | 4 5 7 |  7.8
Armour         | 4 6 |  6.7

Action                   |  1- 3 |  4- 6 |  7- 9 || total
-------------------------+-------+-------+-------++-------
Melee: Broad axe         |    12 |     9 |     5 ||    26
       Tailslap          |     1 |       |       ||     1
Invok: Line Pass         |       |     1 |     1 ||     2
       Stomp             |       |       |     1 ||     1
 Abil: Rolling Charge    |     1 |     3 |     1 ||     5
  Use: Potion            |     1 |       |       ||     1
 Stab: Paralysed         |       |       |     2 ||     2
Armor: Plate armour      |     5 |     2 |     4 ||    11
Block: Kite shield       |    21 |     8 |    13 ||    42

Table legend: (Time is in decaauts)
 A = Elapsed time spent in this place.
 B = Non-inter-level travel time spent in this place.
 C = Inter-level travel time spent in this place.
 D = Time resting spent in this place.
 E = Time spent auto-exploring this place.
 F = Levels seen in this place.
 G = Mean time per level.
                   A        B        C        D        E       F      G
               +--------+--------+--------+--------+--------+-----+--------+
         Total |    370 |    370 |      0 |    166 |      0 |   1 |  370.0 |
       Dungeon |    370 |    370 |      0 |    166 |      0 |   1 |  370.0 |
               +--------+--------+--------+--------+--------+-----+--------+

Top non-repeatable levels by time:
       D: 370 daAuts
